 Dungeon Crawl Stone Soup version 0.29-a0-222-g5b244fca1f (webtiles) character file.

Game seed: 18168045705130196366

92 ReploidZero the Twirler (level 4, 0/23 HPs)
             Began as a Vine Stalker Gladiator on Feb 28, 2022.
             Slain by a white imp (3 damage)
             ... summoned by Natasha
             ... on level 2 of the Dungeon.
             The game lasted 00:01:51 (2277 turns).

ReploidZero the Twirler (Vine Stalker Gladiator)    Turns: 2277, Time: 00:01:51

Health: 0/23       AC:  4    Str: 18    XL:     4   Next: 60%
Magic:  0/5        EV: 13    Int:  8    God:
Gold:   70         SH:  0    Dex: 16    Spells: 3/3 levels left

rFire   . . .      SeeInvis .   a - +0 quarterstaff
rCold   . . .      Faith    .   (shield currently unavailable)
rNeg    . . .      Spirit   +   b - +0 leather armour
rPois   .          Reflect  .   c - +0 helmet
rElec   .          Harm     .   (no cloak)
rCorr   .          Rampage  .   (no gloves)
Will    .....                   (no boots)
Stlth   +.........              (no amulet)
HPRegen 0.87/turn               (no ring)
MPRegen 0.09/turn               (no ring)

@: no status effects
A: fangs 2, regeneration 1, magic shield, antimagic bite, no potion heal 2
a: no special abilities


You were on level 2 of the Dungeon.
You visited 1 branch of the dungeon, and saw 2 of its levels.

You collected 70 gold pieces.

Inventory:

Hand Weapons
 a - a +0 quarterstaff (weapon)
Missiles
 d - 3 throwing nets
 i - 2 boomerangs of dispersal (quivered)
Armour
 b - a +0 leather armour (worn)
 c - a +0 helmet (worn)
Jewellery
 h - a +4 ring of slaying
Scrolls
 e - 2 scrolls of blinking {unknown}
 f - 2 scrolls of immolation {unknown}
 g - 2 scrolls of amnesia {unknown}
 j - a scroll of enchant armour {unknown}
 k - a scroll of holy word {unknown}
 m - a scroll of identify {unknown}
Potions
 l - a potion of flight {unknown}
 n - a potion of lignification {unknown}


   Skills:
 + Level 2.7 Fighting
 + Level 3.4 Staves
 - Level 2.0 Throwing
 + Level 3.1 Dodging


You had 3 spell levels left.
You didn't know any spells.
Your spell library contained the following spells:

 Spells                   Type           Power      Damage    Failure   Level
 Magic Dart               Conj           0%         1d3       45%         1
 Call Imp                 Summ           0%         N/A       61%         2
 Corpse Rot               Necr/Air       0%         N/A       61%         2
 Poisonous Vapours        Pois/Air       0%         N/A       61%         2
 Conjure Flame            Conj/Fire      0%         6-21      83%         3
 Ignite Poison            Fire/Tmut/Pois 0%         N/A       83%         3
 Mephitic Cloud           Conj/Pois/Air  0%         N/A       83%         3
 Sticky Flame             Conj/Fire      0%         2d3       99%         4


Dungeon Overview and Level Annotations

Branches:
Dungeon (2/15)

Altars:

Annotations:
D:2 Natasha


Innate Abilities, Weirdness & Mutations

You have extremely sharp teeth.
Your natural rate of healing is unusually fast.
When hurt, damage is shared between your health and your magic reserves.
Your bite disrupts and absorbs the magic of your enemies.
Potions cannot restore your health.


Message History

You barely miss the jackal. You bite the jackal. You drain its power.
The jackal is heavily wounded.
The jackal bites you. The jackal closely misses you.
You sock the jackal!
You kill the jackal!
No target in view!
No target in view!
You see here a jackal corpse.
There is an open door here.
You see here a +0 dagger.
Natasha, Servant of Life and Death comes into view.
She is carrying a wand of polymorph (6).
Natasha moves out of view.
Natasha mumbles some strange words.
Natasha is nearby!
Natasha is nearby!
The white imp shouts!
Natasha casts a spell at you. You resist with some effort.
Natasha zaps a wand.
You resist with some effort.
There is an open door here.
The white imp gestures at you. The puff of frost hits you.
Natasha casts a spell at you. The magic dart hits you.
Natasha casts a spell at you. The magic dart hits you. The white imp hits you.
The white imp freezes you.
You thump Natasha! Your bite misses Natasha.
Natasha is severely wounded.
Natasha casts a spell at you. The magic dart hits you. The white imp hits you.
The white imp freezes you.
* * * LOW HITPOINT WARNING * * *
You are too injured to fight recklessly!
You are too injured to fight recklessly!
Unknown command.
You miss Natasha.
Natasha is severely wounded.
Natasha claws you.
* * * LOW HITPOINT WARNING * * *
The white imp hits you.
You die...

#####.###########.#.# #.####
#.......# #.#.######.# #
#.###.#.# ##'#........# #
#.##..#.# ##...######### #
#.##.##.# ##.....## ### #
#.##.##.## ##......)## ##.###
###........####.........####...#.
..............'.........'........
######....>####.@.......####.....
##.#.## ##5h.....## ##.#.# #.###
##.....## ###.# #.# ##...## #.#
#)# ##'## #.# #.# #.# #########.#
#.# #.# #.......#.# #.#
##.###.##......#
#.##########...##.##.##.###


You could see Natasha and a white imp (summoned).

Vanquished Creatures
  Natasha (D:2)
  2 adders (D:2)
  2 dart slugs (D:1)
  A ball python (D:1)
  3 bats
  3 endoplasms
  A giant cockroach (D:1)
  6 goblins
  2 hobgoblins (D:1)
  4 jackals (D:2)
  10 kobolds
  A quokka (D:2)
  2 frilled lizards (D:2)
  2 rats (D:2)
40 creatures vanquished.

Notes
Turn   | Place    | Note
-------+----------+-------------------------------------------
     0 | D:1      | ReploidZero the Vine Stalker Gladiator began the quest for
                  | the Orb.
     0 | D:1      | Reached XP level 1. HP: 11/11 MP: 2/2
   407 | D:1      | Reached XP level 2. HP: 11/15 MP: 3/3
  1082 | D:1      | Reached XP level 3. HP: 18/18 MP: 4/4
  1798 | D:2      | Noticed Natasha
  1814 | D:2      | Killed Natasha
  1815 | D:2      | Gained mutation: Your natural rate of healing is unusually
                  | fast. [Vine Stalker growth]
  1815 | D:2      | Reached XP level 4. HP: 19/23 MP: 3/5
  2270 | D:2      | Noticed Natasha
  2277 | D:2      | Slain by a white imp

Illustrated notes

Levels and vault maps discovered:
D:1:      erik_arrival_triangle_small, layout_basic, serial_co_window_serial,
          co_window_corner_a, co_window_of_opportunity_a,
          co_window_of_opportunity_a, co_window_corner_a, co_window_paths_a,
          co_window_of_opportunity_b, co_window_corner_cb, co_window_cross_2,
          co_window_of_opportunity_c, co_window_sun, glass_columns_a
D:2:      layout_loops_corners, chequers_avenue, uniq_natasha

Skill      XL: |  1  2  3 |
---------------+----------+-----
Fighting       | 2 |  2.7
Throwing       | 2 |  2.0
Staves         | 3 |  3.4
Dodging        | 3 |  3.1

Action                   |  1- 3 |  4- 6 || total
-------------------------+-------+-------++-------
Melee: Quarterstaff      |    62 |    22 ||    84
       Bite              |    10 |     6 ||    16
       Unarmed           |    11 |     1 ||    12
 Stab: Sleeping          |     2 |     2 ||     4
Armor: Leather armour    |    13 |     5 ||    18
       Skin              |     1 |       ||     1
Dodge: Dodged            |    45 |     7 ||    52

Table legend: (Time is in decaauts)
 A = Elapsed time spent in this place.
 B = Non-inter-level travel time spent in this place.
 C = Inter-level travel time spent in this place.
 D = Time resting spent in this place.
 E = Time spent auto-exploring this place.
 F = Levels seen in this place.
 G = Mean time per level.
                   A        B        C        D        E       F      G
               +--------+--------+--------+--------+--------+-----+--------+
         Total |   2288 |   2282 |      6 |      0 |   2015 |   2 | 1144.0 |
       Dungeon |   2288 |   2282 |      6 |      0 |   2015 |   2 | 1144.0 |
               +--------+--------+--------+--------+--------+-----+--------+

Top non-repeatable levels by time:
     D:1: 1297 daAuts
     D:2: 991 daAuts
